 Dungeon Crawl Stone Soup version 0.27.0-1-g7a089689b8 (webtiles) character file.

Game seed: 3355125471138367391

32728 ZombieSheep the Nimble (level 13, -11/70 HPs)
             Began as a Spriggan Hunter on Aug 2, 2021.
             Was a High Priest of Okawaru.
             Mangled by a polar bear (12 damage)
             ... while paralysed by a floating eye
             ... on level 5 of the Lair of Beasts on Aug 3, 2021.
             The game lasted 01:00:00 (23316 turns).

ZombieSheep the Nimble (Spriggan Hunter)           Turns: 23316, Time: 01:00:01

Health: -11/70     AC:  8    Str:  8    XL:     13   Next: 32%
Magic:  20/20      EV:  4    Int: 13    God:    Okawaru [*****.]
Gold:   900        SH:  0    Dex: 20    Spells: 12/12 levels left

rFire    . . .     SeeInvis +   a - +3 fustibalus (freeze)
rCold    + + +     Faith    .   (shield restricted)
rNeg     . . .     Spirit   .   u - +4 skin of Zhor {*Englaciate rC+++ SInv}
rPois    .         Reflect  .   (helmet restricted)
rElec    .         Harm     .   v - +1 cloak {rCorr}
rCorr    +         Rampage  .   (gloves unavailable)
Will     +++..                  (boots unavailable)
Stlth    ++........             h - amulet of magic regeneration
HPRegen  0.21/turn              n - +4 ring of evasion
MPRegen  0.42/turn              y - ring of willpower

@: paralysed, very quick
A: very small, no large weapons, unfitting armour, see invisible, speed 3
a: Renounce Religion, Heroism, Finesse


You were on level 5 of the Lair of Beasts.
You worshipped Okawaru.
Okawaru was extremely pleased with you.
You visited 3 branches of the dungeon, and saw 16 of its levels.

You collected 960 gold pieces.
You spent 60 gold pieces at shops.

Inventory:

Hand Weapons
 a - a +3 fustibalus of freezing (weapon)
 b - a +2 dagger of venom
 i - a +1 whip of freezing
Missiles
 d - 106 sling bullets
 e - 156 stones (quivered ammo)
 F - 3 throwing nets
Armour
 m - a scarf of resistance
 u - the +4 skin of Zhor (worn) {*Englaciate rC+++ SInv}
   (You acquired it on level 9 of the Dungeon)

   It radiates cold, occasionally slowing all nearby creatures who are not
   resistant to cold.
   rC:        It renders you almost immune to cold.
   SInv:      It lets you see invisible.
 v - a +1 cloak of preservation (worn)
 D - +0 steam dragon scales
Jewellery
 h - an amulet of magic regeneration (around neck)
 n - a +4 ring of evasion (left hand)
 y - a ring of willpower (right hand)
 C - a ring of resist corrosion
 K - a ring of willpower
Wands
 r - a wand of digging (2)
 x - a wand of iceblast (30)
 E - a wand of flame (20)
 G - a wand of mindburst (9)
 I - a wand of polymorph (16)
 J - a wand of charming (8)
 N - a wand of paralysis (5)
Scrolls
 c - 3 scrolls of teleportation
 t - 2 scrolls of amnesia
 w - 4 scrolls of brand weapon
 B - 3 scrolls of magic mapping
 H - a scroll of enchant armour
 O - a scroll of holy word
Potions
 f - a potion of flight
 g - 9 potions of ambrosia
 j - 2 potions of lignification {unknown}
 k - 2 potions of mutation
 l - 2 potions of heal wounds
 o - 3 potions of brilliance
 p - 3 potions of might {unknown}
 q - 3 potions of curing
 s - a potion of invisibility
 z - 3 potions of haste
 A - a potion of berserk rage {unknown}
 L - a potion of attraction {unknown}
 P - a potion of resistance {unknown}


   Skills:
 + Level 9.6 Fighting
 + Level 13.7 Slings
 + Level 6.9 Armour
 + Level 14.2 Dodging
 - Level 1.5 Stealth
 + Level 9.1 Invocations


You had 12 spell levels left.
You didn't know any spells.
Your spell library contained the following spells:

 Spells                   Type           Power      Damage    Failure   Level
 Corona                   Hex            0%         N/A       30%         1
 Pain                     Necr           0%         1d4       30%         1
 Ensorcelled Hibernation  Hex/Ice        0%         N/A       43%         2
 Slow                     Hex            0%         N/A       43%         2
 Sublimation of Blood     Necr           0%         N/A       43%         2
 Confusing Touch          Hex            0%         N/A       67%         3
 Stone Arrow              Conj/Erth      0%         3d7       67%         3
 Tukima's Dance           Hex            0%         N/A       67%         3
 Vampiric Draining        Necr           0%         2d6       67%         3
 Animate Armour           Summ/Erth      0%         N/A       97%         4
 Leda's Liquefaction      Hex/Erth       0%         N/A       97%         4
 Petrify                  Tmut/Erth      0%         N/A       97%         4
 Agony                    Necr           0%         N/A       100%        5
 Bolt of Magma            Conj/Fire/Erth 0%         4d4       100%        5
 Excruciating Wounds      Necr           0%         N/A       100%        5
 Irradiate                Conj/Tmut      0%         3d14      100%        5
 Statue Form              Tmut/Erth      0%         N/A       100%        6
 Lehudib's Crystal Spear  Conj/Erth      0%         10d2      100%        8


Dungeon Overview and Level Annotations

Branches:
Dungeon (10/15)            Temple (1/1) D:6            Lair (5/6) D:10
  Swamp (0/4) Lair:2        Snake (0/4) Lair:4          Orc (0/2) D:9
  Slime: Lair:5-6

Altars:
Ashenzari
Cheibriados
Dithmenos
Fedhas
Gozag
Hepliaklqana
Kikubaaqudgha
Makhleb
Nemelex Xobeh
Okawaru
Qazlal
Sif Muna
Trog
Uskayaw
Vehumet
Wu Jian
Xom
Yredelemnul
Zin
The Shining One

Shops:
D:4 !

Annotations:
D:3 1 runed translucent door, RascalDebosk's ghost, amateur DrBe
D:4 Menkaure
D:9 3 runed translucent doors, Thraspic's ghost, novice VSFi


Innate Abilities, Weirdness & Mutations

You are very small and have problems with some larger weapons.
You are too small for most types of armour.
You have supernaturally acute eyesight. (SInv)
You cover ground extremely quickly. (Speed+++)


Message History

The polar bear is severely wounded.
You shoot a stone. The stone hits the polar bear.
The stone freezes the polar bear.
The polar bear is almost dead.
The polar bear goes berserk!
You shoot a stone. The stone barely misses the polar bear.
The floating eye gazes piercingly through you!
You suddenly lose the ability to move!
You radiate an aura of cold.
The polar bear is unaffected.
The floating eye resists.
The polar bear bites you!!
The polar bear claws you but does no damage.
The polar bear claws you. The polar bear bites you!
The polar bear barely misses you. The polar bear claws you.
You radiate an aura of cold.
The polar bear is unaffected.
The floating eye seems to slow down.
The polar bear bites you!
* * * LOW HITPOINT WARNING * * *
The polar bear claws you but does no damage.
The polar bear barely misses you. The polar bear bites you.
* * * LOW HITPOINT WARNING * * *
The polar bear claws you.
* * * LOW HITPOINT WARNING * * *
The polar bear claws you but does no damage.
You can move again.
You radiate an aura of cold.
The polar bear is unaffected.
The floating eye resists.
The polar bear completely misses you. x2; The polar bear closely misses you.
You radiate an aura of cold.
The polar bear is unaffected.
The floating eye seems to slow down.
The floating eye's view fixates on you.
The floating eye gazes piercingly through you!
You suddenly lose the ability to move!
The floating eye's view fixates on you.
The polar bear bites you but does no damage.
The polar bear claws you.
* * * LOW HITPOINT WARNING * * *
The polar bear claws you.
* * * LOW HITPOINT WARNING * * *
The polar bear bites you!
You die...

##.....## #(..(#.#
##.....# .... .....#.
#P...P####...# ..(..(.
#.....# ....## ##.(.(.
#P....####....# #...(#
##......#....# ..(.# #
##.....#.#...# ##...#.#
#............####......#
#........@h.#..#.....###
#....#.................#
##....####....##.#.....#
#...## #PP.#######.....
###...# #..## #....#
#.....# ##...#### #....
##....## #.#..P..# #...
#.....# ###..<..#### ..
#..†..# ##.......##


You could see a polar bear (berserk).

Vanquished Creatures
  Fannar (D:10)
  7 hydras
  A catoblepas (Lair:2)
  7 death yaks
  Sonja (Lair:3)
  3 bog bodies (Lair:2)
  Pikel (D:4)
  4 elephants (Lair:4)
  Maurice (D:10)
  2 black mambas
  7 cane toads
  Maggie (D:8)
  A rime drake (Lair:3)
  3 komodo dragons
  A queen bee (Lair:4)
  Grinder (D:5)
  3 meliai
  A blink frog (Lair:5)
  A shadow (D:9)
  A vampire (D:9)
  3 wyverns
  2 basilisks
  32 yaks
  2 wraiths
  A swamp worm (Lair:2)
  6 water moccasins
  3 orc warriors (D:9)
  2 black bears
  3 ice beasts
  An ogre (D:7)
  13 wolves
  3 centaurs
  2 phantoms (D:5)
  4 lemures
  4 kobold brigands (D:8)
  12 bullfrogs
  A wyvern zombie (D:6)
  A gnoll sergeant (D:9)
  4 scorpions
  A water moccasin zombie (D:5)
  29 killer bees
  An electric eel (Lair:2)
  2 howler monkeys (D:7)
  A bullfrog zombie (D:5)
  4 centaur zombies
  3 hounds (D:5)
  Crazy Yiuf (D:5)
  An iron imp (D:3)
  2 orc priests (D:9)
  A bullfrog skeleton (D:5)
  A gnoll shaman (D:9)
  Terence (D:3)
  2 iguanas (D:4)
  7 orc wizards
  A killer bee zombie (D:6)
  A hound skeleton (D:4)
  A howler monkey zombie (D:7)
  Robin (D:4)
  7 gnolls (D:9)
  8 adders
  3 white imps
  An ufetubus (D:6)
  An adder skeleton (D:4)
  3 worms
  2 dart slugs
  36 orcs
  6 bats
  5 endoplasms
  3 giant cockroaches
  18 goblins
  8 hobgoblins
  19 jackals
  21 kobolds
  2 quokkas (D:2)
  8 ball pythons
  A frilled lizard (D:1)
  A jackal skeleton (D:4)
  5 rats
366 creatures vanquished.

Vanquished Creatures (others)
  A sky beast (D:8)
  2 bushes
  A butterfly (Lair:5)
  21 fungi
  18 plants
43 creatures vanquished.

Grand Total: 409 creatures vanquished

Notes
Turn   | Place    | Note
-------+----------+-------------------------------------------
     0 | D:1      | ZombieSheep the Spriggan Hunter began the quest for the
                  | Orb.
     0 | D:1      | Reached XP level 1. HP: 10/10 MP: 2/2
    54 | D:1      | Reached skill level 5 in Slings
    54 | D:1      | Reached skill level 3 in Dodging
    62 | D:1      | Reached XP level 2. HP: 12/15 MP: 3/3
   263 | D:1      | Found a faded altar of an unknown god.
   872 | D:1      | Reached XP level 3. HP: 18/18 MP: 4/4
  1001 | D:2      | Found a bloodstained altar of Trog.
  1537 | D:2      | Reached skill level 4 in Dodging
  1716 | D:3      | Reached XP level 4. HP: 23/23 MP: 5/5
  2339 | D:3      | Noticed a scorpion
  2379 | D:3      | Killed a scorpion
  2380 | D:3      | Reached XP level 5. HP: 28/28 MP: 6/6
  2507 | D:3      | Found a snail-covered altar of Cheibriados.
  2537 | D:3      | Noticed Terence
  2664 | D:3      | Killed Terence
  2665 | D:3      | Reached skill level 5 in Dodging
  2816 | D:3      | Found a runed translucent door.
  2827 | D:3      | Noticed RascalDebosk's ghost (amateur DrBe)
  3372 | D:4      | Noticed a lemure
  3373 | D:4      | Noticed Pikel
  3373 | D:4      | Noticed a lemure
  3443 | D:3      | Killed a lemure
  3587 | D:4      | Noticed a lemure
  3587 | D:4      | Noticed a lemure
  3652 | D:3      | Killed a lemure
  3873 | D:4      | Found a burning altar of Makhleb.
  4038 | D:4      | Reached XP level 6. HP: 32/32 MP: 7/7
  4107 | D:4      | Noticed Robin
  4148 | D:4      | Killed Robin
  4360 | D:4      | Noticed Menkaure
  4653 | D:4      | Found Qynivas's Distillery.
  4764 | D:4      | Bought a potion of degeneration for 10 gold pieces
  4764 | D:4      | Bought a potion of heal wounds for 50 gold pieces
  5009 | D:4      | Killed Pikel
  5010 | D:4      | Reached skill level 6 in Dodging
  5010 | D:4      | Reached XP level 7. HP: 37/37 MP: 8/8
  5270 | D:4      | Found a sparkling altar of Nemelex Xobeh.
  5378 | D:4      | Found an ancient bone altar of Kikubaaqudgha.
  5455 | D:4      | Found a shimmering blue altar of Sif Muna.
  5583 | D:4      | Reached skill level 7 in Dodging
  5664 | D:5      | Entered Level 5 of the Dungeon
  5762 | D:5      | Found a radiant altar of Vehumet.
  5883 | D:5      | Noticed Grinder
  6181 | D:5      | Reached XP level 8. HP: 42/42 MP: 9/9
  6611 | D:5      | Reached skill level 5 in Fighting
  6611 | D:5      | Reached skill level 8 in Dodging
  6734 | D:5      | Paralysed by Grinder for 7 turns
  6756 | D:5      | Killed Grinder
  6940 | D:5      | Found a runed translucent door.
  6941 | D:5      | Noticed Crazy Yiuf
  7391 | D:5      | Reached skill level 9 in Dodging
  7583 | D:5      | Killed Crazy Yiuf
  8015 | D:6      | Found a shimmering altar of Xom.
  8180 | D:6      | Reached XP level 9. HP: 48/48 MP: 10/10
  8274 | D:6      | Found a stormy altar of Qazlal.
  8346 | D:6      | Found a staircase to the Ecumenical Temple.
  8357 | Temple   | Entered the Ecumenical Temple
  8460 | Temple   | Became a worshipper of Warmaster Okawaru
  8804 | D:7      | Found an opulent altar of Gozag.
  8883 | D:7      | Reached skill level 1 in Invocations
  9200 | D:7      | Reached skill level 1 in Armour
  9238 | D:7      | Found an ornate altar of the Wu Jian Council.
  9291 | D:7      | You fall into a shaft and drop 3 floors!
  9291 | D:10     | Entered Level 10 of the Dungeon
  9310 | D:10     | Noticed Fannar
  9368 | D:8      | Noticed a kobold demonologist
 10038 | D:8      | Reached * piety under Okawaru
 10124 | D:8      | Reached skill level 10 in Slings
 10389 | D:8      | Noticed a red devil
 10430 | D:8      | Noticed a kobold demonologist
 10498 | D:9      | Reached skill level 10 in Dodging
 10696 | D:8      | Noticed Maggie
 10725 | D:8      | Killed Maggie
 10725 | D:8      | Reached ** piety under Okawaru
 11537 | D:9      | Reached XP level 10. HP: 49/53 MP: 13/13
 12016 | D:9      | Found a staircase to the Orcish Mines.
 12712 | D:9      | Found a runed translucent gate.
 12712 | D:9      | Found a runed translucent gate.
 12712 | D:9      | Found a runed translucent gate.
 12713 | D:9      | Noticed Thraspic's ghost (novice VSFi)
 12787 | D:9      | Identified a scroll of acquirement
 12787 | D:9      | Acquired the +4 skin of Zhor {*Englaciate rC+++ SInv}
 12788 | D:9      | Found the +4 skin of Zhor {*Englaciate rC+++ SInv}
 12835 | D:10     | Found a glowing golden altar of the Shining One.
 12860 | D:10     | Reached *** piety under Okawaru
 13458 | D:10     | Found a staircase to the Lair.
 13458 | D:10     | Noticed Maurice
 13486 | D:10     | Reached skill level 11 in Dodging
 13506 | D:10     | Killed Maurice
 13506 | D:10     | Reached **** piety under Okawaru
 13703 | D:10     | Noticed a death yak
 13705 | D:10     | Noticed a death yak
 13804 | D:10     | Killed a death yak
 13805 | D:10     | Reached skill level 5 in Invocations
 13854 | D:10     | Noticed a death yak
 13893 | D:10     | Killed a death yak
 13893 | D:10     | Received a gift from Okawaru
 13992 | D:10     | Killed a death yak
 13992 | D:10     | Received a gift from Okawaru
 13993 | D:10     | Reached XP level 11. HP: 39/58 MP: 16/16
 14733 | D:10     | Killed Fannar
 14733 | D:10     | Reached ***** piety under Okawaru
 14993 | D:10     | Found a hide-covered altar of Uskayaw.
 14993 | D:10     | Found a basalt altar of Yredelemnul.
 15139 | Lair:1   | Entered Level 1 of the Lair of Beasts
 15139 | Lair:1   | Noticed a seven-headed hydra
 15166 | D:10     | Killed a seven-headed hydra
 15166 | D:10     | Received a gift from Okawaru
 15741 | Lair:1   | Reached skill level 12 in Dodging
 15795 | Lair:1   | Received a gift from Okawaru
 16185 | Lair:1   | Received a gift from Okawaru
 16725 | Lair:2   | Reached skill level 5 in Armour
 16818 | Lair:2   | Noticed a catoblepas
 17180 | Lair:2   | Identified the +5 double sword of Syndicalism {venom, Will-
                  | rCorr Int+2 Dex+5} (Okawaru gifted it to you on level 2 of
                  | the Lair of Beasts)
 17180 | Lair:2   | Received a gift from Okawaru
 17758 | Lair:2   | Noticed a bog body
 17771 | Lair:2   | Killed a bog body
 17795 | Lair:2   | Noticed a bog body
 17800 | Lair:2   | Killed a bog body
 17801 | Lair:2   | Reached XP level 12. HP: 65/65 MP: 18/18
 17807 | Lair:2   | Found a staircase to the Swamp.
 18123 | Lair:2   | Killed a catoblepas
 18292 | Lair:2   | Received a gift from Okawaru
 18505 | Lair:3   | Noticed a four-headed hydra
 18521 | Lair:3   | Killed a four-headed hydra
 18577 | Lair:3   | Noticed a death yak
 18658 | Lair:2   | Killed a death yak
 18658 | Lair:2   | Identified the +1 robe of Limitation {Str+3} (Okawaru
                  | gifted it to you on level 2 of the Lair of Beasts)
 18658 | Lair:2   | Received a gift from Okawaru
 18659 | Lair:2   | Reached skill level 13 in Dodging
 18706 | Lair:3   | Noticed a death yak
 18762 | Lair:2   | Killed a death yak
 18844 | Lair:3   | Noticed a death yak
 18846 | Lair:3   | Noticed a death yak
 18900 | Lair:2   | Killed a death yak
 18998 | Lair:2   | Killed a death yak
 19258 | Lair:3   | Noticed a four-headed hydra
 19270 | Lair:3   | Killed a four-headed hydra
 19348 | Lair:3   | Noticed a five-headed hydra
 19363 | Lair:3   | Killed a five-headed hydra
 19576 | Lair:3   | Noticed Sonja
 19589 | Lair:3   | Killed Sonja
 20379 | Lair:4   | Found a staircase to the Snake Pit.
 20379 | Lair:4   | Noticed a six-headed hydra
 20405 | Lair:4   | Killed a six-headed hydra
 20810 | Lair:4   | Noticed a seven-headed hydra
 20843 | Lair:4   | Killed a seven-headed hydra
 20844 | Lair:4   | Reached XP level 13. HP: 70/70 MP: 20/20
 20946 | Lair:3   | Received a gift from Okawaru
 21187 | Lair:3   | Reached ****** piety under Okawaru
 21491 | Lair:4   | Reached skill level 14 in Dodging
 23198 | Lair:5   | Received a gift from Okawaru
 23302 | Lair:5   | Paralysed by a floating eye for 3 turns
 23314 | Lair:5   | Paralysed by a floating eye for 2 turns
 23316 | Lair:5   | HP: 1/70 [polar bear (3)]
 23316 | Lair:5   | Mangled by a polar bear

Illustrated notes

Levels and vault maps discovered:
D:1:      dpeg_chamrin_arrival_tetris, layout_loops_ring,
          shapermc_ecumenical_altar_acropolis, hangedman_decor_clover_reticule
D:2:      layout_rooms, basic_altar, minmay_door_square
D:3:      layout_basic, chei_slow_surprise, ebering_ghost_inner_flame,
          minmay_starry_boxes, uniq_terence
D:4:      layout_basic, mainiacjoe_overflow_six_doors_small,
          nemelex_dance_club_becter, mainiacjoe_overflow_alcove_4,
          lemuel_blue_sif_altar, serial_shops, shop, uniq_menkaure, uniq_pikel,
          uniq_robin
D:5:      layout_loops_ring, mainiacjoe_overflow_small_starburst,
          kennysheep_cross_bottleneck, minmay_misc_feat_rugged,
          uniq_crazy_yiuf_cottage, uniq_grinder
D:6:      layout_rooms, nicolae_overflow_crystal_walls,
          mainiacjoe_overflow_cross_hatched, minmay_temple_entry_antechambers,
          grunt_decor_junction
D:7:      layout_basic, grunt_gozag_breadcrumbs,
          mainiacjoe_overflow_surrounded_room
D:8:      layout_loops_ring, minmay_curled_crystal, uniq_maggie
D:9:      layout_loops_ring, hiddenorc1_lemuel, gammafunk_ghost_necromancy
D:10:     layout_loops_ring, mainiacjoe_overflow_tiny_flanked,
          nicolae_overflow_hidden_temple, dpeg_lair_monsters, uniq_fannar,
          uniq_maurice
Temple:   nicolae_temple_figure_zero
Lair:1:   layout_cave_shapes
Lair:2:   layout_regular_city, nicolae_swamp_entry_splash_gauntlet
Lair:3:   layout_long_grid, gauntlet_entry_generic, fungi_pond_lemuel,
          grunt_megastairs_2, uniq_sonja
Lair:4:   layout_roguey, dummy_snake_entry, special_room [special_room_bee]
Lair:5:   layout_concentric_octagons, minmay_slime_entry_eyes,
          lemuel_fruit_fields

Skill      XL: |  1  2  3  4  5  6  7  8  9 10 11 12 13 |
---------------+----------------------------------------+-----
Slings         | 5 6 7 8 9 10 11 12 13 | 13.7
Dodging        | 3 4 5 6 7 9 10 11 12 13 14 | 14.2
Fighting       | 2 3 4 5 6 7 8 9 |  9.6
Invocations    | 3 5 7 8 9 |  9.1
Armour         | 2 4 5 6 |  6.9
Stealth        | |  1.5

Action                   |  1- 3 |  4- 6 |  7- 9 | 10-12 | 13-15 || total
-------------------------+-------+-------+-------+-------+-------++-------
Melee: Short sword       |     4 |       |       |       |       ||     4
       Dagger            |       |       |       |     1 |       ||     1
 Fire: Hunting sling     |   136 |   394 |   649 |  1422 |     9 ||  2610
       Fustibalus        |       |       |       |       |   310 ||   310
Invok: Heroism           |       |       |       |     1 |       ||     1
       Finesse           |       |       |       |     1 |       ||     1
Evoke: Wand              |       |       |     3 |       |       ||     3
  Use: Scroll            |     4 |     1 |    10 |     8 |     1 ||    24
       Potion            |       |       |     2 |     1 |     2 ||     5
 Stab: Sleeping          |     1 |       |       |       |       ||     1
Armor: Robe              |     5 |     3 |    15 |       |       ||    23
       Steam dragon scal |       |       |     1 |     2 |       ||     3
       Animal skin       |       |       |       |    26 |    11 ||    37
Dodge: Dodged            |    35 |    83 |   179 |   174 |   190 ||   661
